 Dungeon Crawl Stone Soup version 0.25.1-2-g60ff931df9 (webtiles) character file.

Game seed: 3616855523762564426

3852 solopath the Frost Mage (level 10, -2/63 HPs)
             Began as a Barachi Ice Elementalist on Nov 1, 2020.
             Was an Elder of Cheibriados.
             Slain by a quokka (5 damage)
             ... on level 8 of the Dungeon.
             The game lasted 00:18:47 (9614 turns).

solopath the Frost Mage (Barachi Ice Elementalist)  Turns: 9614, Time: 00:18:48

Health: -2/63      AC:  6    Str: 20    XL:     10   Next: 18%
Magic:  14/22      EV: 13    Int: 27    God:    Cheibriados [****..]
Gold:   390        SH:  0    Dex: 27    Spells: 7/22 levels left

rFire    . . .     SeeInvis .   H - +3 short sword
rCold    . . .     Gourm    .   (no shield)
rNeg     . . .     Faith    .   a - +0 robe
rPois    .         Spirit   .   u - +0 helmet
rElec    .         Reflect  .   J - +0 cloak (curse)
rCorr    .         Harm     .   s - +0 pair of gloves
MR       .....                  p - +0 pair of boots
Stlth    ++++......             (no amulet)
HPRegen  0.20/turn              C - ring of wizardry
MPRegen  0.18/turn              G - +6 ring of dexterity

@: can't hop, frozen ramparts, very slow
A: +LOS, swims, blink, blurry vision 1, high mp 1, slowness 1, wild magic 1,
strong legs 1
a: Hop, Blink, Bend Time, Temporal Distortion, Slouch, Renounce Religion


You were on level 8 of the Dungeon.
You worshipped Cheibriados.
Cheibriados was greatly pleased with you.
You were not hungry.

You visited 1 branch of the dungeon, and saw 8 of its levels.

You collected 390 gold pieces.

Inventory:

Hand Weapons
 r - a +0 dagger
 H - a +3 short sword (weapon)
Armour
 a - a +0 robe (worn)
 p - a +0 pair of boots (worn)
 s - a +0 pair of gloves (worn)
 u - a +0 helmet (worn)
 J - a cursed +0 cloak (worn)
 L - a scarf of invisibility
Jewellery
 C - a ring of wizardry (left hand)
 D - a +6 ring of strength
 F - an uncursed ring of resist corrosion
 G - a +6 ring of dexterity (right hand)
 I - an uncursed amulet of guardian spirit
Wands
 w - a wand of enslavement (7)
 A - a wand of clouds (11)
 B - a wand of flame (51)
Scrolls
 b - 11 scrolls of identify
 d - 2 scrolls of magic mapping {unknown}
 e - a scroll of fear {unknown}
 f - 3 scrolls of remove curse {unknown}
 h - 4 scrolls of teleportation
 i - 2 scrolls of blinking {unknown}
 j - a scroll of enchant weapon {unknown}
 l - 3 scrolls of random uselessness {unknown}
 m - 3 scrolls of enchant armour {unknown}
 v - a scroll of fog {unknown}
 y - 3 scrolls of amnesia {unknown}
Potions
 g - 9 potions of curing
 k - 2 potions of degeneration
 n - 2 potions of stabbing
 o - 2 potions of flight {unknown}
 q - 3 potions of heal wounds
 t - 2 potions of haste {unknown}
 x - 2 potions of invisibility {unknown}
 z - a potion of might {unknown}
 E - 2 potions of brilliance
Comestibles
 c - 16 rations


   Skills:
 + Level 5.6 Short Blades
 - Level 2.1 Dodging
 + Level 6.7 Stealth
 + Level 6.8 Spellcasting
 - Level 3.0 Summonings
 * Level 11.8 Ice Magic


You had 7 spell levels left.
You knew the following spells:

 Your Spells              Type           Power        Failure   Level  Hunger
a - Freeze                Ice            ####         1%          1    None
b - Frozen Ramparts       Ice            ######       1%          3    None
c - Summon Ice Beast      Ice/Summ       ######..     1%          4    ###....
d - Hailstorm             Conj/Ice       ######..     3%          4    ###....
e - Ozocubu's Armour      Chrm/Ice       ######..     1%          3    None

Your spell library contained the following spells:

 Spells                   Type           Power        Failure   Level  Hunger
 Metabolic Englaciation   Hex/Ice        ######....   9%          5    #####..
 Confusing Touch          Hex            ##......     11%         3    None
 Gell's Gravitas          Tloc           ##........   11%         3    None
 Petrify                  Tmut/Erth      ##......     30%         4    ###....
 Yara's Violent Unravell  Hex/Tmut       ##........   58%         5    #####..


Dungeon Overview and Level Annotations

Branches:
Dungeon (8/15)             Temple (0/1) D:7
   Lair: D:8-11

Altars:
Cheibriados
Trog
Vehumet

Shops:
D:6 %

Annotations:
D:6 2 transporters, JustinTrotter's ghost, amateur DDFi


Innate Abilities, Weirdness & Mutations

You can be seen from farther away. (+LOS)
You can swim through water.
You cover ground slowly.
You can hop short distances.
You can translocate small distances at will.
Scrolls take you a little longer to read.
You have an increased reservoir of magic. (+10% MP)
Your spells are a little harder to cast, but a little more powerful.


Message History

Unknown command.
The frozen ramparts melt away.
You feel sick.
You feel better.
The centaur shoots an arrow.
The arrow closely misses you.
You hear a bark!
You swap places.
A sky beast comes into view.
You hear a bark!
The centaur shoots an arrow.
The arrow closely misses your ice beast.
The arrow hits you!
* * * LOW HITPOINT WARNING * * *
The centaur shoots an arrow.
The arrow hits your ice beast!
You see here an arrow.
Casting: Summon Ice Beast (dangerous; 1% risk of failure)
Confirm with . or Enter, or press ? or * to list all spells.
The walls around you are covered in ice.
The centaur shoots an arrow.
The arrow barely misses your ice beast. The arrow completely misses you.
The wall freezes the quokka.
The quokka bites you.
You die...

.. .# .#### ....########
#h...h.r.((#######
#.#.####@(#......#
#....###Y###.###.#
...##...§§#†## ##.##.####
.......§..c##
##.#.##.#####
#####.....#§#
##.##.#.#.#...
##...##..###......###....
##.###.#.#......## ##...
#. #.##.#####..###.#.# ..
#[#### #.#.#.##.#


You could see a centaur, a quokka, 2 jackals and a friendly ice beast
(summoned).

Vanquished Creatures
  A human (D:7)
  A hungry ghost (D:7)
  3 hogs (D:7)
  A steam dragon (D:8)
  A black bear (D:6)
  3 necrophages
  A sky beast (D:6)
  2 ogres (D:5)
  2 centaurs
  A crocodile (D:7)
  3 bullfrogs
  A wyvern zombie (D:6)
  4 scorpions
  8 killer bees (D:8)
  2 wights (D:7)
  A howler monkey (D:5)
  2 crimson imps
  A jelly (D:8)
  5 hounds
  2 orc priests
  An orc wizard (D:6)
  2 iguanas
  9 worker ants
  A howler monkey zombie (D:6)
  3 worker ant zombies
  8 gnolls
  2 howler monkey skeletons (D:6)
  10 adders
  2 adder skeletons
  4 worms
  2 dart slugs
  3 leopard geckos
  10 orcs
  3 ball pythons
  7 giant cockroaches
  7 goblins
  5 hobgoblins
  16 jackals
  3 quokkas
  4 bats
  3 frilled lizards
  2 jackal skeletons
  5 kobolds
  2 quokka zombies (D:6)
  5 rats
164 creatures vanquished.

Vanquished Creatures (collateral kills)
  A yak (D:7)
  A black bear (D:6)
  A phantom (D:7)
  A gnoll sergeant (D:7)
  A wight (D:7)
  2 centaur zombies
  A bullfrog zombie (D:6)
  A bullfrog skeleton (D:6)
  A hound zombie (D:6)
  A gnoll (D:7)
  A ball python zombie (D:6)
12 creatures vanquished.

Grand Total: 176 creatures vanquished

Notes
Turn   | Place    | Note
-------+----------+-------------------------------------------
     0 | D:1      | solopath the Barachi Ice Elementalist began the quest for
                  | the Orb.
     0 | D:1      | Reached XP level 1. HP: 13/13 MP: 3/3
    62 | D:1      | Reached skill level 5 in Ice Magic
   308 | D:1      | Reached XP level 2. HP: 19/19 MP: 1/5
   646 | D:1      | You fall into a shaft and drop 1 floor!
   680 | D:1      | Reached XP level 3. HP: 19/24 MP: 2/6
   718 | D:1      | Learned a level 3 spell: Frozen Ramparts
  1770 | D:2      | Found a faded altar of an unknown god.
  2354 | D:3      | Reached XP level 4. HP: 20/30 MP: 4/8
  2472 | D:3      | Reached skill level 6 in Ice Magic
  3070 | D:3      | HP: 1/30 [worker ant zombie (6)]
  3074 | D:3      | Reached XP level 5. HP: 2/35 MP: 4/9
  4185 | D:4      | Reached XP level 6. HP: 32/41 MP: 7/11
  4337 | D:4      | Reached skill level 7 in Ice Magic
  4590 | D:5      | Entered Level 5 of the Dungeon
  4754 | D:5      | Reached XP level 7. HP: 46/46 MP: 9/13
  4792 | D:5      | Found a snail-covered altar of Cheibriados.
  4816 | D:5      | Became a worshipper of Cheibriados the Contemplative
  5088 | D:5      | Reached skill level 8 in Ice Magic
  5121 | D:5      | Reached skill level 1 in Short Blades
  5320 | D:5      | Learned a level 4 spell: Summon Ice Beast
  5325 | D:5      | Learned a level 4 spell: Hailstorm
  5329 | D:5      | Learned a level 3 spell: Ozocubu's Armour
  5898 | D:6      | Found Kidod's Food Emporium.
  5912 | D:6      | Gained mutation: Your spells are a little harder to cast,
                  | but a little more powerful. [potion of mutation]
  5912 | D:6      | Gained mutation: You can translocate small distances at
                  | will. [potion of mutation]
  5912 | D:6      | Gained mutation: Scrolls take you a little longer to read.
                  | [potion of mutation]
  5912 | D:6      | Gained mutation: You have an increased reservoir of magic.
                  | (+10% MP) [potion of mutation]
  6056 | D:6      | Reached * piety under Cheibriados
  6056 | D:6      | Reached XP level 8. HP: 34/51 MP: 12/16
  6211 | D:6      | Found a transporter.
  6231 | D:6      | Noticed JustinTrotter's ghost (amateur DDFi)
  6247 | D:6      | Found a transporter.
  6267 | D:6      | Reached skill level 9 in Ice Magic
  6404 | D:6      | Reached skill level 5 in Spellcasting
  6404 | D:6      | Reached skill level 1 in Summonings
  6609 | D:6      | Reached skill level 5 in Stealth
  7112 | D:6      | Reached ** piety under Cheibriados
  7140 | D:6      | Found a bloodstained altar of Trog.
  7374 | D:6      | Found a radiant altar of Vehumet.
  7388 | D:6      | Reached XP level 9. HP: 56/56 MP: 14/18
  7390 | D:6      | Reached skill level 10 in Ice Magic
  7715 | D:7      | Found a staircase to the Ecumenical Temple.
  8658 | D:7      | Reached skill level 11 in Ice Magic
  8661 | D:7      | Reached *** piety under Cheibriados
  8666 | D:7      | Reached skill level 5 in Short Blades
  9147 | D:8      | Reached XP level 10. HP: 56/62 MP: 15/21
  9601 | D:8      | Reached **** piety under Cheibriados
  9613 | D:8      | HP: 2/63 [centaur/arrow (10)]
  9614 | D:8      | Slain by a quokka

Illustrated notes

Levels and vault maps discovered:
D:1:      eino_arrival_cavern_c, layout_loops_corners, minmay_pentomino_r4
D:2:      wander_river, layout_basic, chequers_ecumenical_altar_simple,
          first_ration, grunt_ministairs_8
D:3:      layout_rooms
D:4:      layout_loops_ring, minmay_starry_boxes
D:5:      layout_loops_ring, cheibrodos_worm_habitat
D:6:      layout_cave_pods, serial_undead, serial_undead_d, serial_undead_b,
          serial_undead_b, serial_undead_f, serial_undead_e,
          gammafunk_ghost_stat_death, basic_altar, serial_shops, shop,
          hangedman_decor_push, trog_ov_bears_minmay
D:7:      layout_gridville, minmay_temple_entry_gardened_gates, grunt_livestock,
          small_statue_intersection
D:8:      layout_loops_ring, nicolae_overflow_hidden_temple,
          gammafunk_ghost_mausoleum, uniq_grum

Skill      XL: |  1  2  3  4  5  6  7  8  9 |
---------------+----------------------------+-----
Ice Magic      | 5 6 7 8 9 11 | 11.8
Stealth        | 2 3 4 5 6 |  6.7
Spellcasting   | 3 4 5 6 |  6.8
Short Blades   | 1 3 5 |  5.6
Summonings     | 2 3 |  3.0
Dodging        | |  2.1

Action                   |  1- 3 |  4- 6 |  7- 9 | 10-12 || total
-------------------------+-------+-------+-------+-------++-------
Melee: Unarmed           |    11 |       |       |       ||    11
       Club              |    13 |       |       |       ||    13
       Dagger            |    19 |    64 |   194 |       ||   277
       Short sword       |       |       |    11 |    17 ||    28
 Cast: Freeze            |    57 |    25 |    30 |       ||   112
       Frozen Ramparts   |       |    17 |    36 |     9 ||    62
       Summon Ice Beast  |       |       |    14 |     1 ||    15
       Hailstorm         |       |       |     2 |     1 ||     3
       Ozocubu's Armour  |       |       |     1 |       ||     1
 Abil: Hop               |       |     1 |     6 |     1 ||     8
Evoke: Wand              |       |       |     2 |       ||     2
  Use: Potion            |       |     2 |     3 |     2 ||     7
       Scroll            |       |       |     3 |       ||     3
 Stab: Sleeping          |     4 |     4 |     7 |     4 ||    19
       Distracted        |       |       |     2 |       ||     2
  Eat: Chunk             |     5 |    10 |     9 |     1 ||    25
       Ration            |       |       |     2 |       ||     2
Armor: Robe              |    31 |    18 |    41 |       ||    90
Dodge: Dodged            |    66 |    59 |   123 |     6 ||   254
